 Dungeon Crawl Stone Soup version 0.30-b1-2-g02819fbbbe (webtiles) character file.

Game seed: 9450424172617962772

7 Flugkiller the Covered (level 1, 18/20 HPs)
             Began as a Minotaur Fighter on May 14, 2023.
             Quit the game on level 1 of the Dungeon.
             The game lasted 00:00:47 (38 turns).

Flugkiller the Covered (Minotaur Fighter)             Turns: 38, Time: 00:00:48

Health: 18/20      AC:  7    Str: 20    XL:     1   Next: 83%
Magic:  0/0        EV:  9    Int:  5    God:
Gold:   0          SH:  4    Dex:  9    Spells: 0/0 levels left

rFire   . . .        a - +0 war axe
rCold   . . .        c - +0 buckler
rNeg    . . .        b - +0 scale mail
rPois   .            (helmet restricted)
rElec   .            (no cloak)
rCorr   .            (no gloves)
SInv    .            (no boots)
Will    .....        (no amulet) Stlth
                     (no ring)
HPRegen 0.23/turn    (no ring)
MPRegen 0.07/turn

%: no passive effects
@: no status effects
A: horns 2, retaliatory headbutt
a: no special abilities


You were on level 1 of the Dungeon.
You visited 1 branch of the dungeon, and saw 1 of its levels.

Inventory:

Hand Weapons
 a - a +0 war axe (weapon)
Armour
 b - a +0 scale mail (worn)
 c - a +0 buckler (worn)
Scrolls
 e - a scroll of summoning {unknown}
Potions
 d - a potion of might


   Skills:
 * Level 3.8 Fighting
 * Level 2.6 Axes
 * Level 3.8 Armour
 + Level 3.7 Shields


You couldn't memorise any spells.
You didn't know any spells.
Your spell library was empty.

Dungeon Overview and Level Annotations

Branches:
Dungeon (1/15) Zot: 5956

Altars:


Innate Abilities, Weirdness & Mutations

You have a pair of horns on your head.
You reflexively headbutt those who attack you in melee.


Message History

Welcome, Flugkiller the Minotaur Fighter.
You feel drawn to the Orb of Zot, downwards into the unfathomable depths...
Press ? for a list of commands and other information.
Found a staircase leading out of the dungeon.
You open the large door.
There is a large open door here.
You enter the shallow water.
Moving in this stuff is going to be slow.
A kobold comes into view. It is wielding a +0 dagger.
The kobold shouts!
The kobold moves out of view.
An endoplasm comes into view.
An endoplasm is nearby!
An endoplasm is nearby!
The endoplasm quivers.
The kobold throws a stone.
The stone hits you but does no damage.
Found a scroll labelled LOENITEPNAO.
The kobold hits you with a +0 dagger.
You slash the kobold!
You kill the kobold!
You hit the endoplasm.
The endoplasm is heavily wounded.
The endoplasm closely misses you.
You slash the endoplasm!
You kill the endoplasm!
No target in view!
No target in view!
No target in view!
Unknown command.
Things that are here:
a +0 dagger; 3 stones; a kobold corpse
e - a scroll labelled LOENITEPNAO A kobold comes into view.
It is wielding a +0 dagger.
The kobold shouts!
A ball python comes into view.
Found 8 stones.
A hobgoblin comes into view.
The kobold throws a stone.
You block the stone.
The hobgoblin shouts!
The kobold throws a stone.
The stone hits you but does no damage.
The ball python bites you but does no damage.
The ball python grabs you. The ball python constricts you.
You closely miss the ball python.
The kobold throws a stone.
The stone hits you but does no damage.
The ball python bites you but does no damage.
The ball python constricts you.
You slash the ball python!
You kill the ball python!
The kobold throws a stone.
The stone hits you but does no damage.
A ball python comes into view.
You slash the hobgoblin!
You kill the hobgoblin!
You hit the kobold. The kobold hits you with a +0 dagger.
The kobold hits you but does no damage. The kobold closely misses you.
You slash the kobold!
You kill the kobold!
The ball python bites you but does no damage.
The ball python grabs you. The ball python constricts you.
You escape the ball python's grasp.
The ball python bites you but does no damage.
You block the ball python's attack.
Things that are here:
a +0 dagger; 5 stones You barely miss the ball python.
Your headbutt misses the ball python. You block the ball python's attack.
The ball python grabs you. The ball python constricts you.
You hit the ball python.
You kill the ball python!
Are you sure you want to abandon this character and quit the game? (Confirm with "yes".)

.............####..#
...
##......#..........#
...
#.####.#..#.#.##..#
..# #.
#.#..#.#.##..##..#
#.
.#..#.#.........#..
...#..............
....#.###..)###.##
.....#.###...###.#
.......@......#
.##...........#
#.......#.....
#.......##..##
.......... ....
###......... ...
#.##....... .. ..
.........


There were no monsters in sight!

Vanquished Creatures
  2 ball pythons (D:1)
  An endoplasm (D:1)
  A hobgoblin (D:1)
  2 kobolds (D:1)
6 creatures vanquished.

Notes
Turn   | Place    | Note
-------+----------+-------------------------------------------
     0 | D:1      | Flugkiller the Minotaur Fighter began the quest for the
                  | Orb.
     0 | D:1      | Reached XP level 1. HP: 19/19 MP: 0/0
    38 | D:1      | Quit the game

Illustrated notes

Levels and vault maps discovered:
D:1:      lightli_arrival_boilingwater, layout_basic,
          hellmonk_ecumenical_altar_heavens_door

Action                     || total
---------------------------++-------
  Melee: War axe           ||     9
 Armour: Scale mail        ||     9
  Dodge: Dodged            ||     2
  Block: Buckler           ||     3
